[Event "4th EFE Metz Festival-IM"]
[Site "Metz"]
[Date "2018.07.26"]
[Round "5"]
[White "Gatineau, Yovann"]
[Black "Stephan, Victor"]
[Result "0-1"]
[ECO "D37"]
[WhiteElo "2373"]
[BlackElo "2356"]
[Annotator "NA"]
[PlyCount "150"]
[EventDate "2018.07.22"]
[EventType "tourn"]
[EventCountry "FRA"]
[SourceTitle "playchess.com"]
[Source "ChessBase"]
[SourceQuality "1"]
[TimeControl "5400+30"]

1. d4 d5 2. c4 e6 3. Nf3 Nf6 4. Nc3 Be7 5. Bf4 O-O 6. e3 Nbd7 7. c5 c6 8. Bd3 b6 9. b4 a5 10. a3 Ba6 11. Bxa6 Rxa6 12. b5 cxb5 13. c6 Qc8 14. c7 Bxa3 15. Nxb5 Bb4+ 16. Ke2 Ra8 17. Qd3 Qa6 18. Bd6 Bxd6 19. Nxd6 Qxd3+ 20. Kxd3 Ne4 21. c8=Q Rfxc8 22. Nxc8 Nxf2+ 23. Ke2 Nxh1 24. Nd6 b5 25. Rxh1 b4 26. Rc1 Nb6 27. Rc6 Rb8 28. Rc5 Ra8 29. Nd2 Kf8 30. Rb5 Na4 31. Rb7 f6 32. Rf7+ Kg8 33. Rc7 Nc3+ 34. Kd3 a4 35. Rc8+ Rxc8 36. Nxc8 Kf7 37. Na7 Nd1 38. Nc6 b3 39. Nb1 Nb2+ 40. Kc3 Nc4 41. e4 Ne3 42. exd5 exd5 43. Nb4 Ke6 44. Nd3 Nxg2 45. Nc5+ Kf5 46. Nxa4 Nf4 47. Nd2 Kg4 48. Nb6 Kh3 49. Nf1 Ne2+ 50. Kd3 b2 51. Nd2 Nf4+ 52. Ke3 g5 53. Na4 Kxh2 54. Nxb2 Ne6 55. Nd3 Kg3 56. Ne1 f5 57. Nf1+ Kg4 58. Nf3 f4+ 59. Kf2 Kf5 60. Ne5 Nxd4 61. Nd7 Ne6 62. Nb6 d4 63. Nc4 g4 64. Nd6+ Kg6 65. Kg2 h5 66. Nh2 Nc5 67. Nc4 d3 68. Nf1 h4 69. Nh2 Kg5 70. Nd2 h3+ 71. Kg1 Kf5 72. Nhf1 Ne4 73. Nc4 g3 74. Nb2 d2 75. Nd1 Nf2 0-1

[Event "4th EFE Metz Festival-IM"]
[Site "Metz"]
[Date "2018.07.26"]
[Round "5"]
[White "Haast, Mark"]
[Black "Mohammad, Fahim"]
[Result "1-0"]
[ECO "A36"]
[WhiteElo "2356"]
[BlackElo "2383"]
[Annotator "NA"]
[PlyCount "81"]
[EventDate "2018.07.22"]
[EventType "tourn"]
[EventCountry "FRA"]
[SourceTitle "playchess.com"]
[Source "ChessBase"]
[SourceQuality "1"]
[TimeControl "5400+30"]

1. c4 c5 2. g3 g6 3. Bg2 Bg7 4. Nc3 Nc6 5. a3 e6 6. d3 Nge7 7. Bg5 h6 8. Bd2 d5 9. Rb1 O-O 10. Qc1 dxc4 11. dxc4 Kh7 12. Nf3 e5 13. b4 cxb4 14. axb4 f5 15. O-O e4 16. Ne1 Be6 17. c5 Nd5 18. Nxd5 Qxd5 19. Nc2 Rad8 20. Rd1 Qa2 21. b5 Nd4 22. Nxd4 Rxd4 23. Be3 Rxd1+ 24. Qxd1 Rd8 25. Qc1 Bb3 26. c6 Bc2 27. cxb7 Rb8 28. Rb4 Bc3 29. b6 Bxb4 30. bxa7 Rxb7 31. Qxc2 Qxc2 32. a8=Q Qc6 33. Bd4 g5 34. h3 Bc5 35. Qh8+ Kg6 36. Qg8+ Kh5 37. Bxc5 g4 38. hxg4+ fxg4 39. Be3 Re7 40. f3 exf3 41. exf3 1-0

[Event "4th EFE Metz Festival-IM"]
[Site "Metz"]
[Date "2018.07.26"]
[Round "5"]
[White "Mohota, Nisha"]
[Black "Adrian, Claude"]
[Result "1-0"]
[ECO "C16"]
[WhiteElo "2265"]
[BlackElo "2267"]
[Annotator "NA"]
[PlyCount "89"]
[EventDate "2018.07.22"]
[EventType "tourn"]
[EventCountry "FRA"]
[SourceTitle "playchess.com"]
[Source "ChessBase"]
[SourceQuality "1"]
[TimeControl "5400+30"]

1. e4 e6 2. d4 d5 3. Nc3 Bb4 4. e5 Ne7 5. a3 Bxc3+ 6. bxc3 b6 7. Bd3 Ba6 8. Ne2 Bxd3 9. Qxd3 c5 10. O-O Qc7 11. c4 dxc4 12. Qxc4 Nd7 13. Nc3 O-O 14. f4 Rfc8 15. d5 exd5 16. Nxd5 Nxd5 17. Qxd5 Rd8 18. c4 Nf8 19. Qe4 Qd7 20. Be3 Qd3 21. Qf3 Qxc4 22. f5 Qd5 23. Qg3 Re8 24. e6 Nxe6 25. fxe6 Rxe6 26. Rad1 Qb3 27. Bf4 Qxg3 28. Bxg3 Rae8 29. Rd7 R6e7 30. Rxe7 Rxe7 31. Re1 Rxe1+ 32. Bxe1 f5 33. Kf2 Kf7 34. Ke3 Ke6 35. Kf4 b5 36. Bc3 g6 37. Kg5 Kd5 38. h4 Kc4 39. Be5 a5 40. Kh6 b4 41. Kxh7 Kd3 42. Kxg6 c4 43. h5 c3 44. h6 b3 45. Bxc3 1-0

[Event "4th EFE Metz Festival-IM"]
[Site "Metz"]
[Date "2018.07.27"]
[Round "6"]
[White "Mohammad, Fahim"]
[Black "Gatineau, Yovann"]
[Result "0-1"]
[ECO "D30"]
[WhiteElo "2383"]
[BlackElo "2373"]
[Annotator "NA"]
[PlyCount "90"]
[EventDate "2018.07.22"]
[EventType "tourn"]
[EventCountry "FRA"]
[SourceTitle "playchess.com"]
[Source "ChessBase"]
[SourceQuality "1"]
[TimeControl "5400+30"]

1. d4 d5 2. c4 e6 3. Nf3 Nf6 4. e3 Be7 5. Bd3 O-O 6. Nc3 c5 7. cxd5 exd5 8. dxc5 Bxc5 9. h3 Nc6 10. O-O Qe7 {[%emt 0:10:18] D37: Damengambit (5.Lf4)} (10... Be6 11. b3 Qe7 12. Bb2 Rfd8 13. Ne2 Ne4 14. Nfd4 Ne5 15. Nf4 Bxd4 16. Bxd4 Nxd3 17. Qxd3 Bf5 18. Qe2 {½-½ (48) Salem,A (2638)-Amin,B (2689) Riadh 2017}) 11. a3 Ne5 12. Nd4 $146 ({Vorgänger:} 12. Bc2 Rd8 13. Nd4 a6 14. b3 Nc6 15. Qd3 Ne5 16. Qe2 Be6 17. Bb2 Rac8 18. Nf5 Bxf5 19. Bxf5 {0-1 (42) Kienel,N (1949)-Grube,A (2111) GER email 2012}) 12... Nxd3 13. Qxd3 Qe5 14. b4 Bd6 15. f4 Qe7 16. Bb2 Re8 17. Rf3 Bd7 ({Black should try} 17... a5 $11) 18. Nf5 ({Better is} 18. Rg3 $14) 18... Bxf5 $1 19. Qxf5 Qe6 20. Qg5 h6 21. Qg3 Rac8 22. Rd1 Bf8 23. Rd4 Qf5 (23... a5 $5) 24. Rf2 {[%emt 0:02:34] [#]} a5 $1 25. Qf3 axb4 26. axb4 Rxc3 27. Bxc3 Ne4 28. Be1 Nxf2 29. Kxf2 $11 Re4 30. Rxe4 dxe4 31. Qd1 Be7 32. Qd4 Bf6 33. Qc4 Qe6 34. Qxe6 fxe6 35. Ke2 Kf7 36. Kd2 b5 37. Kc2 e5 38. f5 h5 39. Kc3 Bg5 40. Kd2 h4 41. Bf2 Kf6 42. g4 hxg3 43. Bxg3 Kxf5 44. Bf2 Be7 45. Kc3 g5 {[%emt 0:00:27] Kd4} 0-1

[Event "4th EFE Metz Festival-IM"]
[Site "Metz"]
[Date "2018.07.27"]
[Round "6"]
[White "Stephan, Victor"]
[Black "Villegas, Pierre"]
[Result "1/2-1/2"]
[ECO "E46"]
[WhiteElo "2356"]
[BlackElo "2376"]
[Annotator "NA"]
[PlyCount "73"]
[EventDate "2018.07.22"]
[EventType "tourn"]
[EventCountry "FRA"]
[SourceTitle "playchess.com"]
[Source "ChessBase"]
[SourceQuality "1"]
[TimeControl "5400+30"]

1. d4 Nf6 2. c4 e6 3. Nc3 Bb4 4. e3 O-O 5. Nge2 c6 {[%emt 0:00:27] E46: Nimzo-Indian: Rubinstein: 4 e3 0-0 5 Ne2 without early Bd3} (5... d5 6. a3 Be7 7. cxd5 exd5 8. Nf4 c6 9. Bd3 Na6 10. O-O Nc7 11. f3 Re8 12. Bd2 Bf8 13. Qe1 g6 14. g4 c5 15. Qf2 b6 16. h4 Bd6 17. Nce2 {0-1 (54) Caruana,F (2816)-Karjakin,S (2782) Leuven 2018}) 6. a3 Ba5 7. Qc2 d5 8. Ng3 Nbd7 9. Be2 dxc4 10. Bxc4 e5 11. O-O exd4 12. exd4 Bc7 13. Bg5 Nb6 $146 14. Ba2 h6 15. Be3 Nfd5 16. Rae1 f5 17. Bc1 Kh8 18. f4 (18. Re2 $11) 18... Qd6 19. Re5 Qg6 20. Re2 Be6 21. Rfe1 Bg8 22. Bb1 Qf6 23. Kh1 (23. Nxf5 $11 {keeps the balance.} Bh7 24. g4) 23... g6 24. Nd1 $2 (24. Ba2 $17) 24... Bf7 25. Nf2 Nxf4 (25... Qxd4 26. b3 $11) 26. Bxf4 Bxf4 27. Nd3 Nd5 28. Nxf4 (28. Ne5 $17) 28... Nxf4 29. Rf2 Nd5 $19 ({Keinesfalls} 29... Qxd4 30. Rd1 $17) 30. Re5 Rae8 31. Qe2 Qg7 32. Rf1 c5 33. Qb5 Ne3 34. Rc1 Rxe5 35. dxe5 Bd5 36. Qxc5 f4 37. Ne4 1/2-1/2

[Event "4th EFE Metz Festival-IM"]
[Site "Metz"]
[Date "2018.07.27"]
[Round "6"]
[White "Adrian, Claude"]
[Black "Le Corre, Benjamin"]
[Result "0-1"]
[ECO "A10"]
[WhiteElo "2267"]
[BlackElo "2257"]
[Annotator "NA"]
[PlyCount "80"]
[EventDate "2018.07.22"]
[EventType "tourn"]
[EventCountry "FRA"]
[SourceTitle "playchess.com"]
[Source "ChessBase"]
[SourceQuality "1"]
[TimeControl "5400+30"]

1. c4 g6 2. d4 Bg7 3. g3 d6 4. Bg2 Nc6 5. d5 Na5 6. Nd2 c5 7. Rb1 Nf6 8. a3 b6 9. b4 Nb7 10. e4 O-O 11. Ne2 Bd7 12. O-O b5 13. Bb2 Rc8 14. Qb3 a5 15. Rfc1 axb4 16. axb4 cxb4 17. Qxb4 Nc5 $1 18. cxb5 Rb8 19. Nd4 Nd3 $1 20. Qb3 $2 (20. Qc4 $11 {and White is okay.} Nxb2 21. Rxb2) 20... Nxc1 21. Rxc1 {[%emt 0:01:37] [#]} Ng4 $2 ({Black should play} 21... Bxb5 $1 $19 22. Nxb5 Qa5) 22. Bf1 Qb6 23. Nc4 Qb7 24. h3 $11 (24. f3 $16) 24... Ne5 25. Nd2 Rfc8 26. Rxc8+ Qxc8 27. f4 Qc5 28. fxe5 dxe5 29. Qc2 Qb6 30. Nc4 Qc5 31. Ne3 Qa7 32. Nc6 Bxc6 33. dxc6 Bh6 34. Bxe5 Bxe3+ 35. Kg2 Rd8 36. c7 Rc8 37. Qc6 Qa2+ 38. Kf3 Qf2+ 39. Kg4 Qxf1 40. h4 h5# 0-1

[Event "4th EFE Metz Festival-IM"]
[Site "Metz"]
[Date "2018.07.27"]
[Round "6"]
[White "Mohota, Nisha"]
[Black "Haast, Mark"]
[Result "1/2-1/2"]
[ECO "B31"]
[WhiteElo "2265"]
[BlackElo "2356"]
[Annotator "NA"]
[PlyCount "107"]
[EventDate "2018.07.22"]
[EventType "tourn"]
[EventCountry "FRA"]
[SourceTitle "playchess.com"]
[Source "ChessBase"]
[SourceQuality "1"]
[TimeControl "5400+30"]

1. e4 c5 2. Nf3 Nc6 3. Bb5 g6 4. Bxc6 dxc6 5. d3 Bg7 6. h3 Nf6 7. Nc3 Nd7 8. Be3 e5 9. Qd2 h6 {[%emt 0:02:35] B31: Sicilian: 2...Nc6 3 Bb5 g6} (9... Qe7 10. Bh6 f6 11. Bxg7 Qxg7 12. Nh2 g5 13. Ng4 Nf8 14. Ne3 Ng6 15. a3 Be6 16. b4 Qe7 17. Na4 b6 18. g3 h5 {1-0 (48) Cheparinov,I (2703)-Kveinys,A (2542) Warsaw 2017}) 10. O-O Qe7 11. Nh2 Nf8 12. f4 exf4 13. Bxf4 Ne6 14. Bg3 Nd4 15. e5 Be6 $146 ({Predecessor:} 15... Bf5 16. Rae1 O-O-O 17. Ne4 Bxe4 18. Rxe4 {1-0 (40) Blomqvist,E (2545)-Arab,A (2493) Baku 2016}) 16. Ne4 O-O-O 17. Nd6+ Rxd6 18. exd6 Qd7 19. Rae1 b6 {[%emt 0:00:41] [#]} 20. Ng4 $1 Bxg4 (20... Re8 $142 21. Nf6 (21. Nxh6 Nxc2 22. Qxc2 Bxh6 $16) 21... Bxf6) 21. hxg4 Ne6 22. c3 h5 23. gxh5 Rxh5 24. Qe2 Rg5 25. Bh2 Rd5 26. Rxf7 (26. Qg4 $18 {and White stays clearly on top.}) 26... Qxf7 27. Qxe6+ Qxe6 28. Rxe6 Bh6 29. Rxg6 Bc1 30. Rg8+ Kd7 31. Rg7+ Kd8 32. c4 Rxd3 33. Be5 ({Don't do} 33. Rxa7 $6 Bxb2 34. Bf4 Bf6 $16) 33... Be3+ 34. Kf1 Bd4 35. Bxd4 Rxd4 36. b3 b5 {[%emt 0:03:59] [#]} 37. cxb5 $1 cxb5 38. Rxa7 Rxd6 {[%emt 0:04:54] [#]} 39. Rb7 $1 b4 40. Ra7 $11 Rd2 41. g4 Rd4 42. g5 Rf4+ 43. Ke2 Rg4 44. Rg7 Rg2+ 45. Kf3 Rxa2 46. g6 Ke8 47. Rc7 Kf8 48. Ke4 Rb2 49. Rxc5 Rxb3 50. Rb5 Kg7 51. Kd4 Kxg6 52. Kc4 Rb1 53. Rxb4 Rxb4+ 54. Kxb4 1/2-1/2

[Event "4th EFE Metz Festival-IM"]
[Site "Metz"]
[Date "2018.07.27"]
[Round "7"]
[White "Murdzia, Piotr"]
[Black "Stephan, Victor"]
[Result "1/2-1/2"]
[ECO "D00"]
[WhiteElo "2410"]
[BlackElo "2356"]
[Annotator "NA"]
[PlyCount "70"]
[EventDate "2018.07.22"]
[EventType "tourn"]
[EventCountry "FRA"]
[SourceTitle "playchess.com"]
[Source "ChessBase"]
[SourceQuality "1"]
[TimeControl "5400+30"]

1. d4 d5 2. Bf4 Nf6 3. e3 e6 4. Nf3 c5 5. c3 Nc6 6. Nbd2 Bd6 7. Bg3 O-O 8. Bb5 Ne7 9. Bd3 Qc7 10. Qe2 Ng6 11. O-O b6 12. Rac1 Bb7 13. c4 Bxg3 14. hxg3 Qe7 15. e4 dxe4 16. Nxe4 cxd4 17. Nxd4 Rfd8 18. Nf3 Rac8 19. Rfd1 Nxe4 20. Bxe4 Bxe4 21. Qxe4 h6 22. b3 Qa3 23. Qb1 Qc5 24. Rxd8+ Rxd8 25. b4 Qc6 26. c5 bxc5 27. bxc5 Rc8 28. Qb4 Qd5 29. c6 Rxc6 30. Qb8+ Kh7 31. Rxc6 Qxc6 32. Qxa7 Qd5 33. Qxf7 Qxa2 34. Kh2 Qd5 35. Kg1 Qd8 1/2-1/2

[Event "4th EFE Metz Festival-IM"]
[Site "Metz"]
[Date "2018.07.27"]
[Round "7"]
[White "Gatineau, Yovann"]
[Black "Mohota, Nisha"]
[Result "1/2-1/2"]
[ECO "D38"]
[WhiteElo "2373"]
[BlackElo "2265"]
[Annotator "NA"]
[PlyCount "109"]
[EventDate "2018.07.22"]
[EventType "tourn"]
[EventCountry "FRA"]
[SourceTitle "playchess.com"]
[Source "ChessBase"]
[SourceQuality "1"]
[TimeControl "5400+30"]

1. d4 Nf6 2. Nf3 d5 3. c4 e6 4. Nc3 Bb4 5. cxd5 exd5 6. Bg5 O-O 7. Rc1 h6 8. Bxf6 Qxf6 9. e3 c6 10. Bd3 Bg4 11. h3 Bxf3 12. Qxf3 Qxf3 13. gxf3 Nd7 14. Ke2 Rfe8 15. a3 Bd6 16. Kd2 g6 17. Rhg1 Kh7 18. Rg2 Nf6 19. Na4 Re7 20. Rgg1 Rae8 21. Rc2 Nh5 22. Nc5 f5 23. b4 Nf6 24. a4 Rc7 25. Re1 Nd7 26. e4 Bf4+ 27. Kc3 Nxc5 28. bxc5 b6 29. cxb6 axb6 30. Rce2 fxe4 31. fxe4 Kg7 32. Rb1 b5 33. a5 Ra8 34. Ra1 Rca7 35. exd5 cxd5 36. Kb4 Bd6+ 37. Kxb5 Rc7 38. Ka4 Rc3 39. Bb5 Kf6 40. Raa2 g5 41. Rec2 Rac8 42. Rxc3 Rxc3 43. a6 Bb8 44. Kb4 Rc7 45. Ka5 Ba7 46. Rd2 Kf5 47. Bf1 Kf4 48. Bg2 Rc4 49. Rb2 Bxd4 50. Rb7 Rc2 51. Rf7+ Ke5 52. Rd7 Bxf2 53. Rxd5+ Kf4 54. Bf1 Rc5+ 55. Rxc5 {[%emt 0:00:05] Ke5} 1/2-1/2

[Event "4th EFE Metz Festival-IM"]
[Site "Metz"]
[Date "2018.07.27"]
[Round "7"]
[White "Haast, Mark"]
[Black "Adrian, Claude"]
[Result "1-0"]
[ECO "D34"]
[WhiteElo "2356"]
[BlackElo "2267"]
[Annotator "NA"]
[PlyCount "93"]
[EventDate "2018.07.22"]
[EventType "tourn"]
[EventCountry "FRA"]
[SourceTitle "playchess.com"]
[Source "ChessBase"]
[SourceQuality "1"]
[TimeControl "5400+30"]

1. c4 c5 2. g3 Nf6 3. Bg2 e6 4. Nf3 d5 5. cxd5 exd5 6. d4 Nc6 7. O-O Be7 8. Nc3 O-O 9. b3 Re8 10. Bb2 Bg4 11. dxc5 Bxc5 12. h3 Bh5 13. e3 a6 14. Ne2 Ne4 15. Nf4 Bxf3 16. Qxf3 d4 17. Rad1 Ng5 18. Qe2 Qa5 19. Bxc6 bxc6 20. Bxd4 Bd6 21. Nh5 Qf5 22. Nxg7 Qxh3 23. Qh5 Qxh5 24. Nxh5 Re6 25. Nf6+ Kf8 26. Kg2 Be7 27. Nd7+ Ke8 28. Nb6 Rb8 29. Nc4 Bb4 30. Rh1 Rd8 31. f4 c5 32. Be5 Rxd1 33. Rxd1 Ne4 34. Kf3 f5 35. g4 Nc3 36. Bxc3 fxg4+ 37. Kxg4 Bxc3 38. Rd5 Rg6+ 39. Kf3 Rc6 40. e4 a5 41. Rh5 h6 42. e5 a4 43. f5 axb3 44. axb3 Bxe5 45. Nxe5 Rb6 46. Ke4 Rxb3 47. Rxh6 1-0

[Event "4th EFE Metz Festival-IM"]
[Site "Metz"]
[Date "2018.07.27"]
[Round "7"]
[White "Le Corre, Benjamin"]
[Black "Harutyunyan, Ruben"]
[Result "1/2-1/2"]
[ECO "B66"]
[WhiteElo "2257"]
[BlackElo "2303"]
[Annotator "NA"]
[PlyCount "73"]
[EventDate "2018.07.22"]
[EventType "tourn"]
[EventCountry "FRA"]
[SourceTitle "playchess.com"]
[Source "ChessBase"]
[SourceQuality "1"]
[TimeControl "5400+30"]

1. e4 c5 2. Nf3 d6 3. d4 cxd4 4. Nxd4 Nf6 5. Nc3 Nc6 6. Bg5 e6 7. Qd2 a6 8. f4 Bd7 9. O-O-O b5 10. Nxc6 Bxc6 11. Qe1 Qa5 12. Kb1 Ra7 13. Bd3 b4 14. Bxf6 gxf6 15. Ne2 Qc5 16. Nc1 Rg8 17. Nb3 Qb6 18. g3 a5 19. Qe2 a4 20. Nd2 a3 21. Nc4 Qc5 22. b3 f5 23. Rhe1 fxe4 24. Bxe4 d5 25. Bxh7 Rg7 26. Qh5 Rxh7 27. Rxe6+ Kd8 28. Qg5+ Kc8 29. Rxc6+ Qxc6 30. Qg8 dxc4 31. Qxf8+ Kb7 32. Qxb4+ Kc7 33. Qe7+ Kb6 34. Qb4+ Kc7 35. Qe7+ Kb6 36. Qb4+ Kc7 37. Qe7+ 1/2-1/2

[Event "4th EFE Metz Festival-IM"]
[Site "Metz"]
[Date "2018.07.28"]
[Round "8"]
[White "Mohammad, Fahim"]
[Black "Murdzia, Piotr"]
[Result "0-1"]
[ECO "E15"]
[WhiteElo "2383"]
[BlackElo "2410"]
[Annotator "NA"]
[PlyCount "86"]
[EventDate "2018.07.22"]
[EventType "tourn"]
[EventCountry "FRA"]
[SourceTitle "playchess.com"]
[Source "ChessBase"]
[SourceQuality "1"]
[TimeControl "5400+30"]

1. d4 Nf6 2. Nf3 e6 3. c4 b6 4. g3 Ba6 5. Qc2 Bb4+ 6. Bd2 c5 7. Bxb4 cxb4 8. Bg2 Bb7 9. Nbd2 Nc6 10. e4 O-O 11. O-O d6 12. d5 Ne5 13. Nxe5 dxe5 14. a3 bxa3 15. Rxa3 Qc7 16. Rc3 a5 17. Kh1 Nd7 18. f4 exf4 19. gxf4 Rae8 20. e5 f5 21. Nf3 Nc5 22. Nd4 Qd7 23. d6 Be4 24. Bxe4 fxe4 25. Nb3 Nd3 26. Rxd3 exd3 27. Qxd3 g5 28. fxg5 Rxf1+ 29. Qxf1 Rf8 30. Qg2 Qa4 31. Qh3 Rf5 32. g6 h5 33. Qd3 Qc6+ 34. Kg1 Rg5+ 35. Kf2 Qg2+ 36. Ke1 Qxb2 37. Qd2 Rxe5+ 38. Kf2 Rf5+ 39. Kg2 Qxb3 40. Qe2 Rg5+ 41. Kf2 Qh3 42. Ke1 Rg1+ 43. Kd2 Rg2 0-1

[Event "4th EFE Metz Festival-IM"]
[Site "Metz"]
[Date "2018.07.28"]
[Round "8"]
[White "Haast, Mark"]
[Black "Gatineau, Yovann"]
[Result "1-0"]
[ECO "B22"]
[WhiteElo "2356"]
[BlackElo "2373"]
[Annotator "NA"]
[PlyCount "105"]
[EventDate "2018.07.22"]
[EventType "tourn"]
[EventCountry "FRA"]
[SourceTitle "playchess.com"]
[Source "ChessBase"]
[SourceQuality "1"]
[TimeControl "5400+30"]

1. e4 c5 2. c3 d5 3. exd5 Qxd5 4. d4 Nc6 5. Nf3 Bf5 6. Be3 Nf6 7. Na3 cxd4 8. Bc4 Qd7 9. Nxd4 Nxd4 10. Bxd4 a6 11. Qb3 e6 12. O-O-O Qc6 13. Nb5 Nd7 14. Rhe1 Nc5 15. Bxc5 Bxc5 16. Nd4 Bxd4 17. Bd5 Qb6 18. Rxd4 Qxb3 19. Bxb3 Rd8 20. Rb4 Rd7 21. Rd1 b5 22. a4 Bd3 23. axb5 axb5 24. Bc2 Bxc2 25. Kxc2 Rb7 26. c4 Ke7 27. Rxb5 Rxb5 28. cxb5 Rb8 29. Kc3 Rxb5 30. b4 Rb8 31. Kc4 Rc8+ 32. Kb3 Rb8 33. f4 f6 34. g3 g6 35. Ra1 Rb7 36. Kc4 e5 37. fxe5 fxe5 38. b5 Ke6 39. Ra6+ Kf5 40. b6 e4 41. h3 e3 42. Kd3 Re7 43. Ra5+ Kf6 44. Ke2 Rb7 45. Rb5 Ke6 46. Kxe3 Kd6 47. Kd4 Kc6 48. Kc4 Kd6 49. Rb2 Kd7 50. Kc5 Kc8 51. Ra2 g5 52. Ra8+ Kd7 53. Ra7 1-0

[Event "4th EFE Metz Festival-IM"]
[Site "Metz"]
[Date "2018.07.28"]
[Round "8"]
[White "Stephan, Victor"]
[Black "Le Corre, Benjamin"]
[Result "1/2-1/2"]
[ECO "A10"]
[WhiteElo "2356"]
[BlackElo "2257"]
[Annotator "NA"]
[PlyCount "70"]
[EventDate "2018.07.22"]
[EventType "tourn"]
[EventCountry "FRA"]
[SourceTitle "playchess.com"]
[Source "ChessBase"]
[SourceQuality "1"]
[TimeControl "5400+30"]

1. c4 b6 2. e4 Bb7 3. Nc3 e5 4. d3 Nc6 5. g3 Bc5 6. Bg2 Nge7 7. Nf3 O-O 8. O-O a5 9. Be3 d6 10. d4 exd4 11. Nxd4 Nxd4 12. Bxd4 Nc6 13. Bxc5 bxc5 14. e5 dxe5 15. Na4 Qd6 16. Qd5 Rad8 17. Qxc5 Ba8 18. Rfe1 f6 19. Bd5+ Kh8 20. Kg2 Nd4 21. Bxa8 Qxc5 22. Nxc5 Rxa8 23. Red1 Rfb8 24. Rd2 a4 25. f4 Ra5 26. Ne4 Nc6 27. Re1 Kg8 28. Re3 Rb4 29. Rc3 Kf7 30. a3 Rb8 31. Rcd3 Re8 32. Rd7+ Re7 33. Nc3 exf4 34. Rxe7+ Kxe7 35. gxf4 Rc5 1/2-1/2

[Event "4th EFE Metz Festival-IM"]
[Site "Metz"]
[Date "2018.07.28"]
[Round "8"]
[White "Adrian, Claude"]
[Black "Harutyunyan, Ruben"]
[Result "1-0"]
[ECO "A28"]
[WhiteElo "2267"]
[BlackElo "2303"]
[Annotator "NA"]
[PlyCount "83"]
[EventDate "2018.07.22"]
[EventType "tourn"]
[EventCountry "FRA"]
[SourceTitle "playchess.com"]
[Source "ChessBase"]
[SourceQuality "1"]
[TimeControl "5400+30"]

1. c4 e5 2. Nc3 Nf6 3. Nf3 Nc6 4. d4 exd4 5. Nxd4 Bc5 6. Nxc6 bxc6 7. g3 Ng4 8. e3 h5 9. Bg2 Ne5 10. Qe2 h4 11. f4 Ng6 12. Bd2 Qe7 13. a3 a5 14. Ne4 Bb6 15. Rc1 Ba6 16. Qf3 O-O-O 17. c5 Ba7 18. b4 Rde8 19. Nc3 Qf6 20. Kf2 Qf5 21. g4 Qf6 22. Bh3 Qe7 23. Rhd1 Nf8 24. g5 Ne6 25. b5 Bb7 26. b6 cxb6 27. cxb6 Bxb6 28. Nd5 Qd8 29. Nxb6+ Qxb6 30. Qd5 c5 31. Qd3 Qc6 32. Bxa5 Qf3+ 33. Ke1 Qxh3 34. Qxd7+ Kb8 35. Bc7+ Ka7 36. Bb6+ Ka8 37. Bxc5 Rd8 38. Qa4+ Kb8 39. Qa7+ Kc8 40. Bb6+ Bc6 41. Rxc6+ Nc7 42. Qxc7# 1-0

[Event "4th EFE Metz Festival-IM"]
[Site "Metz"]
[Date "2018.07.29"]
[Round "9"]
[White "Murdzia, Piotr"]
[Black "Mohota, Nisha"]
[Result "1-0"]
[ECO "E10"]
[WhiteElo "2410"]
[BlackElo "2265"]
[Annotator "NA"]
[PlyCount "123"]
[EventDate "2018.07.22"]
[EventType "tourn"]
[EventCountry "FRA"]
[SourceTitle "playchess.com"]
[Source "ChessBase"]
[SourceQuality "1"]
[TimeControl "5400+30"]

1. d4 Nf6 2. c4 e6 3. Nf3 d5 4. g3 Bb4+ 5. Bd2 a5 6. a3 Bxd2+ 7. Nbxd2 O-O 8. Bg2 b6 9. Rc1 Nbd7 10. O-O Bb7 11. b4 axb4 12. axb4 c6 13. Qb3 Qe7 14. Ra1 dxc4 15. Nxc4 Nd5 16. b5 cxb5 17. Qxb5 Rfc8 18. e3 Nc3 19. Qb3 Rxa1 20. Rxa1 b5 21. Qxc3 Rxc4 22. Qa5 Nf6 23. Qxb5 Rb4 24. Qc5 Qxc5 25. dxc5 g6 26. Rc1 Be4 27. Ne5 Bxg2 28. Kxg2 Nd5 29. c6 Nc7 30. Rd1 Rb5 31. Nxf7 Rd5 32. Rxd5 exd5 33. Ng5 Kg7 34. h4 h6 35. Nf3 Kf6 36. Nd4 Ke5 37. Kf3 Kd6 38. Kf4 Na6 39. h5 gxh5 40. Kf5 Nc5 41. f3 Nd3 42. Kf6 Nf2 43. Kg6 Nh1 44. Nf5+ Kxc6 45. Kxh5 Kd7 46. Kxh6 Nf2 47. Kg6 Nd3 48. Kf6 Ne1 49. f4 Nd3 50. g4 Nf2 51. g5 Ke8 52. Ke5 Kf7 53. Kxd5 Nd3 54. Ke4 Ne1 55. Nd4 Kg6 56. Nf3 Nc2 57. f5+ Kg7 58. Ne5 Nb4 59. f6+ Kg8 60. g6 Na6 61. f7+ Kg7 62. Nd7 1-0

[Event "4th EFE Metz Festival-IM"]
[Site "Metz"]
[Date "2018.07.29"]
[Round "9"]
[White "Villegas, Pierre"]
[Black "Haast, Mark"]
[Result "1/2-1/2"]
[ECO "D14"]
[WhiteElo "2376"]
[BlackElo "2356"]
[Annotator "NA"]
[PlyCount "61"]
[EventDate "2018.07.22"]
[EventType "tourn"]
[EventCountry "FRA"]
[SourceTitle "playchess.com"]
[Source "ChessBase"]
[SourceQuality "1"]
[TimeControl "5400+30"]

1. d4 d5 2. c4 c6 3. cxd5 cxd5 4. Nc3 Nc6 5. Nf3 Nf6 6. Bf4 Bf5 7. e3 e6 8. Bd3 Bxd3 9. Qxd3 Bd6 10. Bxd6 Qxd6 11. O-O O-O 12. Rfc1 Rfc8 13. a3 Qd8 14. Na4 Nd7 15. Nc5 Nxc5 16. Rxc5 Ne7 17. Rac1 Rxc5 18. Rxc5 Rc8 19. Qc2 Rxc5 20. Qxc5 Qc8 21. Qxc8+ Nxc8 22. Kf1 Nd6 23. b3 f6 24. Ke2 Kf7 25. Ne1 Ke7 26. Nd3 b6 27. f3 Nb5 28. a4 Nd6 29. Kd2 Kd7 30. Nf4 g6 31. Nd3 1/2-1/2

[Event "4th EFE Metz Festival-IM"]
[Site "Metz"]
[Date "2018.07.29"]
[Round "9"]
[White "Harutyunyan, Ruben"]
[Black "Stephan, Victor"]
[Result "1/2-1/2"]
[ECO "B12"]
[WhiteElo "2303"]
[BlackElo "2356"]
[Annotator "NA"]
[PlyCount "59"]
[EventDate "2018.07.22"]
[EventType "tourn"]
[EventCountry "FRA"]
[SourceTitle "playchess.com"]
[Source "ChessBase"]
[SourceQuality "1"]
[TimeControl "5400+30"]

1. e4 c6 2. d4 d5 3. e5 Bf5 4. h4 h5 5. Bd3 Bxd3 6. Qxd3 e6 7. Bg5 Qa5+ 8. Nd2 $11 {[%emt 0:00:00] LiveBook: 39 Games} Qa6 9. Qxa6 Nxa6 10. c3 Be7 11. Ngf3 Nh6 12. Bxe7 Kxe7 13. Nf1 Nf5 14. Ke2 Rac8 15. Ne3 Nxe3 16. fxe3 Rh6 17. Raf1 f5 18. Ng5 Nb8 19. a4 Nd7 20. a5 Nf8 21. g3 Nh7 22. Nh3 Nf8 23. Ra1 Rc7 24. Rag1 Rc8 25. b4 Rc7 26. Nf4 Ng6 27. Kf3 Nxf4 28. exf4 g6 29. Ra1 a6 30. Rh3 1/2-1/2

[Event "4th EFE Metz Festival-IM"]
[Site "Metz"]
[Date "2018.07.29"]
[Round "9"]
[White "Le Corre, Benjamin"]
[Black "Mohammad, Fahim"]
[Result "1/2-1/2"]
[ECO "B33"]
[WhiteElo "2257"]
[BlackElo "2383"]
[Annotator "NA"]
[PlyCount "27"]
[EventDate "2018.07.22"]
[EventType "tourn"]
[EventCountry "FRA"]
[SourceTitle "playchess.com"]
[Source "ChessBase"]
[SourceQuality "1"]
[TimeControl "5400+30"]

1. e4 c5 2. Nf3 e6 3. d4 cxd4 4. Nxd4 Nf6 5. Nc3 Nc6 6. Ndb5 d6 7. Bf4 e5 8. Bg5 a6 9. Na3 b5 10. Nd5 Qa5+ 11. Bd2 Qd8 12. Bg5 Qa5+ 13. Bd2 Qd8 14. Bg5 1/2-1/2